 Dungeon Crawl Stone Soup version 0.30-a0-629-gd54f4be4f7 (webtiles) character file.

Game seed: 172956644116828844

5868 Newt the Basher (level 10, -2/76 HPs)
             Began as a Demonspawn Gladiator on Jan 12, 2023.
             Was an Initiate of Gozag.
             Killed from afar by a molten gargoyle (28 damage)
             ... with a bolt of magma
             ... on level 9 of the Dungeon.
             The game lasted 00:07:52 (7486 turns).

Newt the Basher (Demonspawn Gladiator)              Turns: 7486, Time: 00:07:53

Health: -2/76      AC: 10    Str: 21    XL:     10   Next: 52%
Magic:  10/10      EV: 13    Int: 10    God:    Gozag
Gold:   565        SH:  0    Dex: 30    Spells: 9/9 levels left

rFire   x . .      SeeInvis .    i - +2 whip of Racask {spect, Str+3}
rCold   + . .      Faith    +    (no shield)
rNeg    . . .      Spirit   .    p - +1 scale mail of Wu Jian's Envy {rPois Will+ Dex+4 Stlth+}
rPois   +          Reflect  .    c - +1 helmet
rElec   .          Harm     .    (no cloak)
rCorr   .          Rampage  .    (no gloves)
Will    +....                    (no boots)
Stlth   ++++                     g - amulet of faith
HPRegen 0.32/turn                A - +4 ring of slaying
MPRegen 0.12/turn                C - ring of Oraxonn {Ice *Slow rPois Dex+9 Slay+3}

@: gold aura
A: hooves 2, thin skeletal structure 1, demonic guardian 2, spiny 1
a: Renounce Religion, Potion Petition, Call Merchant, Bribe Branch


You were on level 9 of the Dungeon.
You worshipped Gozag.
Gozag was pleased with you.
You visited 1 branch of the dungeon, and saw 9 of its levels.

You collected 845 gold pieces.
You spent 172 gold pieces at shops.
You paid 108 gold pieces to Gozag.

Inventory:

Hand Weapons
 a - a +1 rapier
 i - the +2 whip of Racask (weapon) {spect, Str+3}
   (You bought it in a shop on level 1 of the Dungeon)

   Str:       It affects your strength (+3).
Missiles
 d - 5 throwing nets (quivered)
 e - 3 javelins
 n - 19 poisoned darts
Armour
 b - a +0 leather armour
 c - a +1 helmet (worn)
 l - an orb of guile
 p - the +1 scale mail of Wu Jian's Envy (worn) {rPois Will+ Dex+4 Stlth+}
   (You found it on level 2 of the Dungeon)

   Dex:       It affects your dexterity (+4).
   rPois:     It protects you from poison.
   Will:      It increases your willpower.
   Stlth:     It makes you more stealthy.
Jewellery
 g - an amulet of faith (around neck)
 k - a ring of flight
 u - a +5 ring of evasion
 A - a +4 ring of slaying (left hand)
 C - the ring of Oraxonn (right hand) {Ice *Slow rPois Dex+9 Slay+3}
   (You found it on level 7 of the Dungeon)

   [ring of ice]

   It enhances your ice magic.
   Dex:       It affects your dexterity (+9).
   Slay:      It affects your accuracy & damage with ranged weapons and melee
   (+3).
   rF:        It makes you vulnerable to fire.
   rC:        It protects you from cold.
   rPois:     It protects you from poison.
   *Slow:     It may slow you when you take damage.
 G - a ring of poison resistance
 I - a +4 ring of protection
Wands
 v - a wand of digging (6)
 x - a wand of mindburst (16)
 z - a wand of roots (3)
 H - a wand of paralysis (10)
Scrolls
 m - a scroll of poison
 w - a scroll of butterflies {unknown}
 y - a scroll of enchant armour
 B - a scroll of silence
 D - 3 scrolls of identify
 F - a scroll of amnesia
Potions
 f - a potion of resistance
 h - 2 potions of flight
 j - 2 potions of cancellation
 o - a potion of lignification {unknown}
 q - a potion of ambrosia {unknown}
 r - 3 potions of haste {unknown}
 s - 2 potions of curing {unknown}
 t - 2 potions of attraction {unknown}
 E - a potion of degeneration {unknown}


   Skills:
 - Level 6.0 Fighting
 - Level 2.6 Short Blades
 + Level 9.2 Maces & Flails
 - Level 5.0 Throwing
 - Level 6.0 Armour
 - Level 4.0 Dodging
 - Level 3.0 Stealth
 - Level 5.0 Evocations


You had 9 spell levels left.
You didn't know any spells.
Your spell library contained the following spells:

 Spells                   Type           Power      Damage    Failure   Level
 Apportation              Tloc           0%         N/A       67%         1
 Sting                    Tmut/Pois      0%         1d3       67%         1
 Ensorcelled Hibernation  Hex/Ice        0%         N/A       82%         2
 Passwall                 Tmut/Erth      0%         N/A       82%         2
 Poisonous Vapours        Pois/Air       0%         N/A       82%         2
 Sublimation of Blood     Necr           0%         N/A       82%         2
 Wereblood                Tmut           0%         N/A       82%         2
 Swiftness                Air            0%         N/A       96%         3
 Olgreb's Toxic Radiance  Pois           0%         N/A       100%        4
 Alistair's Intoxication  Tmut/Pois      0%         N/A       100%        5
 Summon Hydra             Summ           0%         N/A       100%        7


Dungeon Overview and Level Annotations

Branches:
Dungeon (9/15)             Temple (0/1) D:7
   Lair: D:8-11         Orc: D:9-12

Altars:
Ashenzari
Cheibriados
Fedhas
Gozag
Makhleb
Okawaru
Qazlal
Vehumet
Wu Jian

Shops:
D:1 *


Innate Abilities, Weirdness & Mutations

You have hoof-like feet.
You have a somewhat thin skeletal structure. (Dex +2, Stealth+)
A demonic guardian rushes to your aid.
You are partially covered in sharp spines.


Message History

You open the door.
A molten gargoyle comes into view. It is wielding a +0 mace.
Found 4 large rocks.
A molten gargoyle is nearby!
A molten gargoyle is nearby!
A molten gargoyle is nearby!
A molten gargoyle comes into view. It is wielding a +0 mace of holy wrath.
Found Great Wizards, Vol.
VII.
A molten gargoyle comes into view. It is wielding a +0 flail.
The molten gargoyle moves out of view.
The helpless molten gargoyle fails to defend itself.
You whack the molten gargoyle!
You kick the molten gargoyle, but do no damage.
The molten gargoyle is moderately damaged.
Your +2 whip of Racask {spect, Str+3} hits the molten gargoyle.
You hit the molten gargoyle but do no damage.
You kick the molten gargoyle.
The molten gargoyle is severely damaged.
Your +2 whip of Racask {spect, Str+3} closely misses the molten gargoyle.
The molten gargoyle blasts magma at you!
The bolt of magma hits you!! The lava burns you terribly!
You hit the molten gargoyle. You kick the molten gargoyle!
You destroy the molten gargoyle!
The molten gargoyle blasts magma at you!
The bolt of magma misses you.
Unknown command.
The molten gargoyle blasts magma at you!
The bolt of magma misses you.
The molten gargoyle blasts magma at you!
The bolt of magma misses you.
The molten gargoyle hits you with a +0 mace of holy wrath.
You are engulfed in flames!
The fire burns you terribly!
You convulse.
You hit the molten gargoyle.
The molten gargoyle is lightly damaged.
The molten gargoyle blasts magma at you!
The bolt of magma hits you! The lava burns you terribly!
The molten gargoyle blasts magma at you!
The bolt of magma hits you!! The lava burns you terribly!
You die...
Your body crumbles into a pile of gold.

##..≈≈88≈≈.#.
#.#§≈≈88≈≈..#
##.§≈≈≈§§§.#. #+##
#.#§§≈≈§§§..#
#....##...≈$≈...# ###
#...#9#.# ..#
############.#.#.#
..###.............####
....#...........@.####
..#.#.............'..+
..#.#.............####
..#.'.............#
..###.............#
### ###########'###
#...# ##.### #####..#


You could see a molten gargoyle.

Vanquished Creatures
  The ghost of ryw the Purveyor of Pain, a novice DENe of Kikubaaqudgha (D:8)
  A cyclops (D:8)
  A molten gargoyle (D:9)
  Grinder (D:5)
  3 yaks (D:8)
  A shadow (D:8)
  2 wraiths (D:8)
  A wyvern (D:5)
  Menkaure (D:6)
  2 acid dragons
  A water moccasin (D:8)
  2 ice beasts
  A black bear (D:5)
  A sky beast (D:8)
  2 ogres
  3 centaurs
  2 kobold brigands (D:7)
  2 phantoms
  3 bullfrogs
  A necrophage (D:5)
  2 scorpions
  4 killer bees (D:4)
  3 howler monkeys
  2 hounds (D:6)
  3 jellies
  4 orc priests
  A gnoll bouda (D:5)
  5 iguanas
  An iron imp (D:3)
  An orc wizard (D:7)
  12 gnolls
  6 adders
  A shadow imp (D:8)
  A white imp (D:6)
  An ufetubus (D:5)
  A worm (D:2)
  A dart slug (D:4)
  24 orcs
  8 endoplasms
  3 giant cockroaches
  4 goblins
  4 hobgoblins
  10 jackals
  2 quokkas
  6 ball pythons
  7 bats
  2 frilled lizards
  17 kobolds
  5 rats
173 creatures vanquished.

Vanquished Creatures (collateral kills)
  A two-headed ogre (D:6)
  An orc priest (D:3)
  A worm (D:3)
3 creatures vanquished.

Vanquished Creatures (others)
  A kobold brigand (D:6)
  An iguana (D:6)
  2 kobolds (D:6)
  A plant (D:2)
5 creatures vanquished.

Grand Total: 181 creatures vanquished

Notes
Turn   | Place    | Note
-------+----------+-------------------------------------------
     0 | D:1      | Newt the Demonspawn Gladiator began the quest for the Orb.
     0 | D:1      | Reached XP level 1. HP: 16/16 MP: 1/1
   101 | D:1      | Reached skill level 1 in Stealth
   185 | D:1      | Found Neteut's Assorted Antiques.
   215 | D:1      | Gained mutation: You have large cloven feet. [demonic
                  | ancestry]
   215 | D:1      | Reached XP level 2. HP: 14/22 MP: 2/2
   706 | D:2      | Gained mutation: You have a somewhat thin skeletal
                  | structure. (Dex +2, Stealth+) [demonic ancestry]
   706 | D:2      | Reached XP level 3. HP: 21/27 MP: 3/3
   871 | D:2      | Identified the +1 scale mail of Wu Jian's Envy {rPois Will+
                  | Dex+4 Stlth+}
  1209 | D:2      | Gained mutation: A weak demonic guardian rushes to your
                  | aid. [demonic ancestry]
  1209 | D:2      | Reached XP level 4. HP: 31/34 MP: 4/4
  1628 | D:3      | Gained mutation: You are partially covered in sharp spines.
                  | [demonic ancestry]
  1628 | D:3      | Reached XP level 5. HP: 42/42 MP: 5/5
  1928 | D:3      | Noticed an ogre
  1939 | D:3      | Killed an ogre
  1940 | D:3      | Reached skill level 2 in Maces & Flails
  1940 | D:3      | Reached XP level 6. HP: 24/48 MP: 6/6
  2399 | D:3      | Found a snail-covered altar of Cheibriados.
  2808 | D:1      | Bought a glimmering whip for 172 gold pieces
  2808 | D:1      | Identified the +2 whip of Racask {spect, Str+3} (You bought
                  | it in a shop on level 1 of the Dungeon)
  3042 | D:4      | Reached skill level 3 in Maces & Flails
  3058 | D:4      | Found a burning altar of Makhleb.
  3066 | D:4      | Reached skill level 4 in Maces & Flails
  3066 | D:4      | Reached XP level 7. HP: 54/54 MP: 7/7
  3275 | D:4      | Found an opulent altar of Gozag.
  3378 | D:4      | Reached skill level 5 in Maces & Flails
  3541 | D:5      | Entered Level 5 of the Dungeon
  3565 | D:5      | Reached skill level 6 in Maces & Flails
  3568 | D:5      | Reached skill level 1 in Armour
  3574 | D:5      | Gained mutation: You have hoof-like feet. [demonic
                  | ancestry]
  3574 | D:5      | Reached XP level 8. HP: 37/60 MP: 8/8
  3855 | D:5      | Found a stormy altar of Qazlal.
  4217 | D:5      | Noticed Grinder
  4220 | D:5      | Found an ornate altar of the Wu Jian Council.
  4228 | D:5      | Killed Grinder
  4229 | D:5      | Reached skill level 5 in Evocations
  4377 | D:6      | Found an iron altar of Okawaru.
  4553 | D:6      | Noticed Menkaure
  4560 | D:6      | Killed Menkaure
  4561 | D:6      | Gained mutation: A demonic guardian rushes to your aid.
                  | [demonic ancestry]
  4561 | D:6      | Reached XP level 9. HP: 35/65 MP: 9/9
  4883 | D:6      | Found a broken altar of Ashenzari.
  4962 | D:4      | Became a worshipper of Gozag Ym Sagoz the Greedy
  5337 | D:6      | Noticed a two-headed ogre
  5343 | D:6      | Killed a two-headed ogre
  5344 | D:6      | Reached skill level 5 in Throwing
  5344 | D:6      | Reached skill level 5 in Fighting
  5773 | D:7      | Found a blossoming altar of Fedhas.
  5937 | D:7      | Reached skill level 5 in Armour
  6070 | D:7      | Found a staircase to the Ecumenical Temple.
  6092 | D:7      | Identified the ring of Oraxonn {Ice *Slow rPois Dex+9
                  | Slay+3}
  6558 | D:8      | Found a runed translucent gate.
  6558 | D:8      | Found a runed translucent gate.
  6564 | D:8      | Found a runed translucent gate.
  6567 | D:8      | Noticed ryw's ghost (novice DENe)
  6592 | D:8      | Reached XP level 10. HP: 51/76 MP: 10/10
  6595 | D:8      | Reached skill level 7 in Maces & Flails
  6724 | D:8      | Found a radiant altar of Vehumet.
  6935 | D:8      | Noticed a cyclops
  6949 | D:8      | Killed a cyclops
  7174 | D:8      | Killed ryw's ghost
  7175 | D:8      | Reached skill level 8 in Maces & Flails
  7356 | D:9      | Reached skill level 9 in Maces & Flails
  7471 | D:9      | Noticed a molten gargoyle
  7473 | D:9      | Noticed a molten gargoyle
  7474 | D:9      | Noticed a molten gargoyle
  7477 | D:9      | Killed a molten gargoyle
  7486 | D:9      | Killed from afar by a molten gargoyle

Illustrated notes

Levels and vault maps discovered:
D:1:      wheals_arrival_shading, layout_loops_cross, serial_shops, shop,
          minmay_misc_feat_doors
D:2:      layout_basic, serial_forest, infiniplex_forest_straight_4,
          infiniplex_forest_end_2, infiniplex_forest_straight_2,
          infiniplex_forest_lined_4_way
D:3:      layout_loops_ring, slow_altar_2, serial_park_tiny_pond
D:4:      layout_loops_ring, pdpol_temple_overflow_zin_treasury_gozag_greed,
          kennysheep_little_box, st_stairs_3
D:5:      layout_loops_ring, mainiacjoe_overflow_alcove_2, marbit_many_paths,
          minmay_bent, uniq_grinder
D:6:      layout_cave_pods, okawaru_gym_becter,
          mainiacjoe_overflow_small_starburst, minmay_misc_feat_ornament,
          lemuel_flamethrower_2, uniq_menkaure
D:7:      layout_gridville, kennysheep_mini_moat, temple_doors_ab
D:8:      layout_rooms, mainiacjoe_overflow_24_doors, gammafunk_ghost_spectres
D:9:      layout_roguey, mainiacjoe_overflow_cross_hatched, minivault_8

Skill      XL: |  1  2  3  4  5  6  7  8  9 10 |
---------------+-------------------------------+-----
Stealth        | 1 2 3 |  3.0
Fighting       | 4 6 |  6.0
Dodging        | 4 |  4.0
Maces & Flails | 2 4 6 9 |  9.2
Armour         | 2 4 6 |  6.0
Evocations     | 5 |  5.0
Throwing       | 3 5 |  5.0
Short Blades   | |  2.6

Action                   |  1- 3 |  4- 6 |  7- 9 | 10-12 || total
-------------------------+-------+-------+-------+-------++-------
Melee: Rapier            |   123 |    66 |       |       ||   189
       Kick              |    25 |    35 |    57 |    20 ||   137
       Punch             |     1 |     3 |     2 |     2 ||     8
       Whip              |       |    14 |   157 |    45 ||   216
Throw: Throwing net      |       |     3 |       |       ||     3
       Javelin           |       |     1 |       |       ||     1
  Use: Scroll            |       |     9 |     5 |       ||    14
 Stab: Sleeping          |     7 |    10 |    13 |     2 ||    32
       Distracted        |       |     1 |     2 |     2 ||     5
Armor: Leather armour    |    52 |       |       |       ||    52
       Scale mail        |     4 |    24 |    25 |    15 ||    68
Dodge: Dodged            |    81 |    29 |    99 |    22 ||   231

Table legend: (Time is in decaauts)
 A = Elapsed time spent in this place.
 B = Non-inter-level travel time spent in this place.
 C = Inter-level travel time spent in this place.
 D = Time resting spent in this place.
 E = Time spent auto-exploring this place.
 F = Levels seen in this place.
 G = Mean time per level.
                   A        B        C        D        E       F      G
               +--------+--------+--------+--------+--------+-----+--------+
         Total |   7470 |   6883 |    587 |    700 |   5127 |   9 |  830.0 |
       Dungeon |   7470 |   6883 |    587 |    700 |   5127 |   9 |  830.0 |
               +--------+--------+--------+--------+--------+-----+--------+

Top non-repeatable levels by time:
     D:3: 1413 daAuts
     D:6: 1154 daAuts
     D:8: 1026 daAuts
     D:4: 881 daAuts
     D:5: 779 daAuts
     D:1: 753 daAuts
     D:7: 681 daAuts
     D:2: 641 daAuts
     D:9: 138 daAuts
